 Dungeon Crawl Stone Soup version 0.19.1 (webtiles) character file.

27 doubledope the Firebug (level 3, -1/19 HPs)
             Began as a Gargoyle Fire Elementalist on Dec 4, 2016.
             Slain by Natasha (3 damage)
             ... on level 2 of the Dungeon.
             The game lasted 00:05:31 (1951 turns).

doubledope the Firebug (Gargoyle Fire Elementalist) Turns: 1951, Time: 00:05:32

Health: -1/19      AC:  5    Str: 11    XL:     3   Next: 10%
Magic:  0/6        EV: 12    Int: 16    God:
Gold:   43         SH:  0    Dex: 10    Spells: 1 memorised, 5 levels left

rFire  . . .     SeeInvis .     g - +0 whip (flame)
rCold  . . .     Gourm    .     f - +0 robe
rNeg   + . .     Faith    .     (no shield)
rPois  ∞         Spirit   .     (no helmet)
rElec  +         Reflect  .     (no cloak)
rCorr  .         Harm     .     (no gloves)
MR     .....                    (no boots)
Stlth  ++........               (no amulet)
                                (no ring)
                                (no ring)

@: very slightly contaminated
A: negative energy resistance 1, electricity resistance, unbreathing,
petrification resistance, rot immunity, AC +3
a: no special abilities


You were on level 2 of the Dungeon.
You were not hungry.

You visited 1 branch of the dungeon, and saw 2 of its levels.

You collected 43 gold pieces.

Inventory:

Hand Weapons
 g - a +0 whip of flaming (weapon)
Armour
 a - a +0 robe
 f - a +0 robe (worn)
Scrolls
 d - 3 scrolls of fog {unknown}
 e - 2 scrolls of identify {unknown}
 h - a scroll of teleportation {unknown}
 k - 2 scrolls of magic mapping {unknown}
Potions
 i - a potion of haste {unknown}
 j - 2 potions of lignification {unknown}
 l - a potion of degeneration {unknown}
Books
 b - a book of Flames

   Spells                             Type                      Level
   a - Flame Tongue                   Conjuration/Fire             1
   b - Throw Flame                    Conjuration/Fire             2
   c - Conjure Flame                  Conjuration/Fire             3
   d - Inner Flame                    Hexes/Fire                   3
   e - Sticky Flame                   Conjuration/Fire             4
   f - Fireball                       Conjuration/Fire             5
Comestibles
 m - a slice of pizza


   Skills:
 + Level 0.2 Fighting
 + Level 0.6 Maces & Flails
 + Level 1.7 Dodging
 + Level 2.1 Stealth
 + Level 2.2 Spellcasting
 + Level 1.3 Conjurations
 + Level 3.5 Fire Magic


You had 5 spell levels left.
You knew the following spells:

 Your Spells              Type           Power        Failure   Level  Hunger
a - Flame Tongue          Conj/Fire      #....        10%         1    #......


Dungeon Overview and Level Annotations

Branches:
Dungeon (2/15)

Altars:

Annotations:
D:2 Natasha


Innate Abilities, Weirdness & Mutations

You are resistant to torment.
Your stone body is resilient. (AC +3)
You are immune to poison.
You resist negative energy. (rN+)
You are resistant to electric shocks. (rElec)
You can survive without breathing.
You are immune to petrification.
You are immune to rotting.


Message History

The flame tongue misses Natasha.
Natasha claws you.
* * * LOW HITPOINT WARNING * * *
The shadow imp closely misses you.
Casting: Flame Tongue
Confirm with . or Enter, or press ? or * to list all spells.
Aiming: Flame Tongue
Press: ? - help, Shift-Dir - straight line, f/p - Natasha
Aim: Natasha The flame tongue hits Natasha.
Natasha is lightly wounded.
Natasha closely misses you. The shadow imp barely misses you.
Casting: Flame Tongue
Confirm with . or Enter, or press ? or * to list all spells.
Aiming: Flame Tongue
Press: ? - help, Shift-Dir - straight line, f/p - Natasha
Aim: Natasha (lightly wounded)
The flame tongue hits Natasha.
Natasha is moderately wounded.
Natasha claws you.
You die...

.# #
...############..
....[#.........
#.............
...#...#.÷.......
.......<.........
.........@.....#.
...#.####h5....#
. # .........
##...#.###
##..#.# ..# # ..#
#.#


You could see Natasha and a shadow imp.

Vanquished Creatures
  A worm (D:2)
  A dart slug (D:1)
  A ball python (D:1)
  A giant cockroach (D:1)
  5 goblins
  3 hobgoblins (D:1)
  3 bats (D:1)
  3 frilled lizards (D:1)
  3 kobolds (D:1)
  A rat (D:1)
22 creatures vanquished.

Notes
Turn   | Place    | Note
-------+----------+-------------------------------------------
     0 | D:1      | doubledope the Gargoyle Fire Elementalist began the quest for the Orb.
     0 | D:1      | Reached XP level 1. HP: 10/10 MP: 3/3
   503 | D:1      | Reached XP level 2. HP: 3/15 MP: 5/5
  1641 | D:2      | Reached XP level 3. HP: 1/19 MP: 0/6
  1646 | D:2      | Noticed Natasha
  1951 | D:2      | Slain by Natasha

Action                   || total
-------------------------++-------
Melee: Whip              ||    55
 Cast: Flame Tongue      ||    13
 Stab: Sleeping          ||     1
  Eat: Bread ration      ||     1
Armor: Robe              ||    16
Dodge: Dodged            ||    57
